 Dungeon Crawl Stone Soup version 0.16.1-2-g95b8d4c (webtiles) character file.

2630 Ololoev the Slicer (level 9, -2/81 HPs)
             Began as a Kobold Artificer on Mar 25, 2015.
             Was a Follower of Nemelex Xobeh.
             Killed from afar by an orc wizard (5 damage)
             ... with a puff of flame
             ... on level 7 of the Dungeon.
             The game lasted 00:33:00 (10174 turns).

Ololoev the Slicer (Kobold Artificer)              Turns: 10174, Time: 00:33:00

Health: -2/81      AC: 24    Str: 12    XL:     9   Next: 92%
Magic:  18/18      EV:  3    Int: 10    God:    Nemelex Xobeh [*.....]
Gold:   347        SH:  0    Dex: 22    Spells: 0 memorised, 8 levels left

rFire  . . .     SeeInvis .     r - +2 falchion (freeze)
rCold  . . .     Clarity  .     e - melded +0 leather armour
rNeg   + + +     SustAb   .     (no shield)
rPois  +         Gourm    .     h - melded +0 helmet
rElec  .         Spirit   .     (cloak currently unavailable)
rCorr  .         Warding  .     (gloves currently unavailable)
rMut   .         NoTele   +     (boots currently unavailable)
MR     .....                    a - amulet of faith
Stlth  ++++++....               (no ring)
                                (no ring)

@: agile, lethally poisoned (-2 -> -3), exhausted, tree-form, especially
stealthy, slowed, very slow, not resistant to hostile enchantments, very
stealthy
A: (molten scales 0), carnivore 3, low mp 1, mutation resistance 1
a: Renounce Religion


You were on level 7 of the Dungeon.
You worshipped Nemelex Xobeh.
Nemelex Xobeh was aware of your devotion.
You were very full.
You were a tree.
You visited 2 branches of the dungeon, and saw 8 of its levels.

You collected 347 gold pieces.

Notes
Turn   | Place    | Note
--------------------------------------------------------------
     0 | D:1      | Ololoev, the Kobold Artificer, began the quest for the Orb.
     0 | D:1      | Reached XP level 1. HP: 12/12 MP: 1/1
   294 | D:1      | Reached skill level 4 in Evocations
   294 | D:1      | Reached XP level 2. HP: 8/16 MP: 3/3
   707 | D:1      | Reached XP level 3. HP: 17/20 MP: 5/5
  1692 | D:1      | Reached XP level 4. HP: 25/25 MP: 7/7
  1814 | D:2      | Found a deep blue altar of Sif Muna.
  2501 | D:2      | Reached skill level 5 in Evocations
  2531 | D:2      | Reached XP level 5. HP: 20/29 MP: 9/9
  2966 | D:3      | Reached skill level 5 in Short Blades
  3669 | D:3      | Reached XP level 6. HP: 21/34 MP: 11/11
  3866 | D:3      | Found an ancient bone altar of Kikubaaqudgha.
  3972 | D:3      | Reached skill level 6 in Short Blades
  4568 | D:3      | Found a white marble altar of Elyvilon.
  5224 | D:4      | Reached XP level 7. HP: 38/38 MP: 14/14
  5253 | D:4      | Found a sacrificial altar of Ru.
  5333 | D:4      | Reached skill level 7 in Short Blades
  6472 | D:4      | Reached skill level 8 in Short Blades
  6518 | D:5      | Entered Level 5 of the Dungeon
  6906 | D:5      | Reached skill level 9 in Short Blades
  6906 | D:5      | Reached XP level 8. HP: 37/43 MP: 17/17
  7616 | D:5      | Found a shimmering altar of Xom.
  8288 | D:6      | Reached skill level 10 in Short Blades
  8320 | D:6      | Noticed Prince Ribbit
  8326 | D:6      | Killed Prince Ribbit
  8326 | D:6      | Reached XP level 9. HP: 17/51 MP: 20/20
  8486 | D:6      | Found a staircase to the Ecumenical Temple.
  8494 | Temple   | Entered the Ecumenical Temple
  8508 | Temple   | Became a worshipper of Nemelex Xobeh the Trickster
  8700 | D:6      | Reached skill level 11 in Short Blades
  8735 | D:6      | Identified a scroll of acquirement
  9004 | D:6      | Reached skill level 1 in Long Blades
  9113 | D:6      | Received a gift from Nemelex Xobeh
  9453 | D:6      | Reached skill level 5 in Fighting
 10040 | D:7      | Found a blossoming altar of Fedhas.
 10169 | D:7      | Gained mutation: Your magical capacity is low (-10% MP). [potion of mutation]
 10169 | D:7      | Gained mutation: You are somewhat resistant to further mutation. [potion of mutation]
 10169 | D:7      | Gained mutation: You are partially covered in molten scales (AC +1). [potion of mutation]
 10172 | D:7      | HP: 4/81 [poisoned by an orc]
 10174 | D:7      | Killed from afar by an orc wizard

Inventory:

Hand weapons
 q - a +3 dagger of speed
 r - a +2 falchion of freezing (weapon)
 v - a +0 blowgun
Missiles
 w - 6 poisoned needles
Armour
 e - a +0 leather armour (melded)
 h - a +0 helmet (melded)
Jewellery
 a - an amulet of faith (around neck)
Magical devices
 c - a wand of enslavement (5)
 g - a wand of random effects (28)
 y - a wand of frost (11)
Scrolls
 b - a scroll of immolation
 j - a scroll of remove curse
 s - a scroll of amnesia
Potions
 d - a potion of brilliance {unknown}
 i - a potion of poison {unknown}
 k - 2 potions of cure mutation
 o - a potion of might {unknown}
 t - a potion of restore abilities {unknown}
 x - a potion of invisibility
 z - a potion of flight {unknown}
 B - a potion of mutation
 C - a potion of agility
Comestibles
 f - 5 meat rations
 m - 4 slices of pizza
 u - 3 chunks of flesh
 A - a royal jelly

Table legend:
 A = Turns spent in this place as a percentage of turns spent in the entire game.
 B = Non-inter-level travel turns spent in this place as a percentage of non-inter-level travel turns spent in the entire game.
 C = Inter-level travel turns spent in this place as a percentage of turns spent in this place.
 D = Turns resting spent in this place as a percentage of non-inter-level travel turns spent in this place.
 E = Turns spent auto-exploring this place as a percentage of non-inter-level travel turns spent in this place.
 F = Non-inter-level travel turns spent in this place divided by the number of levels of this place that you've seen.
                   A       B       C       D       E      F
               +-------+-------+-------+-------+-------+----------------------
         Total | 100.0 | 100.0 |   0.3 |   3.5 |   6.0 | 473.5
       Dungeon |  99.4 |  99.4 |   0.3 |   3.5 |   6.1 | 538.0
        Temple |   0.6 |   0.6 |   0.0 |   0.0 |   0.0 |  22.0
               +-------+-------+-------+-------+-------+----------------------


   Skills:
 + Level 5.5 Fighting
 - Level 11.4(11.8) Short Blades
 * Level 3.3(5.8) Long Blades
 - Level 2.4 Dodging
 - Level 1.3 Stealth
 - Level 9.2 Evocations


You had 8 spell levels left.
You didn't know any spells.

Dungeon Overview and Level Annotations

Branches:
Dungeon (7/15)             Temple (1/1) D:6

Altars:
Dithmenos
Elyvilon
Fedhas
Kikubaaqudgha
Makhleb
Nemelex Xobeh
Qazlal
Ru
Sif Muna
Vehumet
Xom
Yredelemnul
The Shining One


Innate Abilities, Weirdness & Mutations

You are small and have problems with some larger weapons.
You are carnivorous and can eat meat at any time.
((You are partially covered in molten scales (AC +1).))
Your magical capacity is low (-10% MP).
You are somewhat resistant to further mutation.


Message History

Your long sword of flaming burns the shadow imp.
The shadow imp dies!
Drink which item? (? for menu, Esc to quit)
It was a potion of lignification.
You turn into a tree.
Your +0 helmet melds into your body.
Your +0 leather armour melds into your body.
Your roots penetrate the ground.
Something hits your long sword of flaming but does no damage.
The iguana bites your long sword of flaming!
Something closely misses your long sword of flaming.
Drink which item? (? for menu, Esc to quit)
Okay, then.
Wield which item (- for none, * to show all)? (? for menu, Esc to quit)
It glows with a cold blue light!
r - a +2 falchion of freezing (weapon)
You feel sick.
Something closely misses your long sword of flaming.
The iguana closely misses your long sword of flaming.
You hit the shadow imp.
The shadow imp is heavily wounded.
Something hits your long sword of flaming.
Something hits your long sword of flaming but does no damage.
The shadow imp hits you but does no damage.
The iguana completely misses your long sword of flaming.
Something hits your long sword of flaming but does no damage.
Your long sword of flaming hits something!
Your long sword of flaming burns something.
The iguana bites your long sword of flaming!
Your long sword of flaming is destroyed!
The shadow imp hits you but does no damage.
You barely miss the shadow imp.
The shadow imp is heavily wounded.
You feel sick.
The shadow imp shouts, "Turn tail, thou bawdy beetle-headed gudgeon!"
The shadow imp hits you but does no damage.
You hear some strange, mumbled words.
A puff of flame appears from out of thin air!
The puff of flame hits you!
You die...
Your body disappears without a glow.

........#.#).#..)...###
.....%....#..#.....##########
...#.#...#..>......))))......
#...#.##....##############
##....###.####....
#.######.).[(.(.. #.
#...(l####.... # #.###(# #♣#
#5# ..# .### .. .. ..# .


You could see an iguana and a shadow imp.

Table legend:
 A = Kills in this place as a percentage of kills in entire the game.
 B = Kills by you in this place as a percentage of kills by you in the entire game.
 C = Kills by friends in this place as a percentage of kills by friends in the entire game.
 D = Other kills in this place as a percentage of other kills in the entire game.
 E = Experience gained in this place as a percentage of experience gained in the entire game.
 F = Experience gained in this place divided by the number of levels of this place that you have seen.
                   A       B       C       D       E      F
               +-------+-------+-------+-------+-------+----------------------
         Total | 100.0 | 100.0 | 100.0 | 100.0 | 100.0 | 469.8
       Dungeon | 100.0 | 100.0 | 100.0 | 100.0 | 100.0 | 536.9
               +-------+-------+-------+-------+-------+----------------------

Vanquished Creatures
  Prince Ribbit (D:6)
  2 orc warriors (D:6)
  An ice beast (D:6)
  A phantom (D:6)
  2 sky beasts
  5 ogres
  A centaur (D:6)
  A giant frog (D:6)
  A gnoll sergeant (D:5)
  2 scorpions (D:5)
  5 wights (D:6)
  A goliath beetle (D:7)
  A crimson imp (D:6)
  A jelly (D:6)
  4 orc priests
  6 worker ants
  5 orc wizards
  A hound skeleton (D:5)
  6 gnolls
  8 adders
  2 giant mites
  6 worms
  An adder zombie (D:7)
  2 giant geckos
  2 oozes (D:1)
  31 orcs
  3 ball pythons
  8 giant cockroaches
  17 goblins
  11 hobgoblins
  2 quokkas
  12 bats
  7 giant newts
  11 jackals
  15 kobolds
  A quokka skeleton (D:5)
  7 rats
193 creatures vanquished.

Vanquished Creatures (collateral kills)
  An ice beast (D:7)
  A centaur (D:7)
  A killer bee (D:7)
  A hound (D:7)
  2 gnolls
  A shadow imp (D:7)
  2 orcs (D:6)
  A hobgoblin (D:7)
  A quokka (D:4)
  A bat (D:1)
  A goblin (D:1)
13 creatures vanquished.

Vanquished Creatures (others)
  A dancing weapon (D:7)
  A jelly (D:5)
  2 gnolls (D:2)
  3 orcs
7 creatures vanquished.

Grand Total: 213 creatures vanquished

Action                   |  1- 3 |  4- 6 |  7- 9 || total
-------------------------+-------+-------+-------++-------
Melee: Short sword       |   112 |       |       ||   112
       Dagger            |    22 |   445 |   534 ||  1001
       Falchion          |       |       |     5 ||     5
 Fire: Blowgun           |       |     3 |    35 ||    38
Evoke: Wand              |     3 |    23 |    47 ||    73
       Deck              |       |       |     9 ||     9
  Use: Scroll            |     4 |     3 |     8 ||    15
       Potion            |       |     1 |     8 ||     9
 Stab: Sleeping          |     3 |     3 |     5 ||    11
       Distracted        |       |       |     1 ||     1
       Paralysed         |       |       |     1 ||     1
  Eat: Chunk             |    11 |    11 |    15 ||    37

Vault maps used:
D:1:      minmay_arrival_doors, minivault_25
D:2:      nicolae_overflow_crystal_walls, first_bread
D:3:      kiku_gazebo_garden_becter, elyvilon_altar_4, lightli_corner_chamber
D:4:      nicolae_ru_awakened_eye
D:5:      xom_teletrap_fun
D:6:      minmay_temple_entry_large_hall, wad_floor_pattern_untrapped,
          uniq_prince_ribbit1
D:7:      fedhas_altar_2, cheibrodos_beetle_habitat
Temple:   circular_temple_12
